 Dungeon Crawl Stone Soup version 0.21.1-1-g345015fe64 (webtiles) character file.

124 Peloso the Shield-Bearer (level 4, 0/40 HPs)
             Began as a Minotaur Fighter on Mar 30, 2018.
             Killed from afar by a dart slug (1 damage)
             ... with a slug dart
             ... on level 2 of the Dungeon.
             The game lasted 00:03:59 (2270 turns).

Peloso the Shield-Bearer (Minotaur Fighter)         Turns: 2270, Time: 00:04:00

Health: 0/40       AC:  9    Str: 20    XL:     4   Next: 81%
Magic:  3/3        EV:  5    Int:  5    God:
Gold:   100        SH: 15    Dex: 11    Spells: 3/3 levels left

rFire    + . .     SeeInvis +   a - +0 long sword
rCold    . . .     Gourm    .   c - +0 shield
rNeg     . . .     Faith    .   b - +0 chain mail
rPois    .         Spirit   .   (helmet restricted)
rElec    .         Reflect  +   (no cloak)
rCorr    .         Harm     .   (no gloves)
MR       .....                  (no boots)
Stlth    ..........             g - +5 amulet of reflection
HPRegen  0.13/turn              j - ring of protection from fire
MPRegen  0.08/turn              o - ring of see invisible

@: no status effects
A: retaliatory headbutt, horns 2
a: no special abilities


You were on level 2 of the Dungeon.
You were not hungry.

You visited 1 branch of the dungeon, and saw 3 of its levels.

You collected 100 gold pieces.

Inventory:

Hand Weapons
 a - a +0 long sword (weapon)
 s - a +1 dagger of flaming
Armour
 b - a +0 chain mail (worn)
 c - a +0 shield (worn)
Jewellery
 g - a +5 amulet of reflection (around neck)
 j - a ring of protection from fire (left hand)
 o - a ring of see invisible (right hand)
Scrolls
 e - 3 scrolls of identify {unknown}
 h - 3 scrolls of amnesia {unknown}
 i - 3 scrolls of remove curse {unknown}
 l - 2 scrolls of teleportation {unknown}
 p - a scroll of fear {unknown}
 q - a scroll of magic mapping {unknown}
 r - a scroll of noise {unknown}
Potions
 d - a potion of might
 k - 3 potions of curing {unknown}
 m - a potion of agility {unknown}
 n - a potion of invisibility {unknown}
 t - a potion of flight {unknown}
Comestibles
 f - 3 rations


   Skills:
 + Level 4.3 Fighting
 + Level 3.5 Long Blades
 + Level 4.4 Armour
 + Level 0.5 Dodging
 + Level 5.0 Shields


You had 3 spell levels left.
You didn't know any spells.

Dungeon Overview and Level Annotations

Branches:
Dungeon (3/15)

Altars:


Innate Abilities, Weirdness & Mutations

You reflexively headbutt those who attack you in melee.
You have a pair of horns on your head.


Message History

The orc wizard gestures at you while chanting.
The puff of flame reflects off an invisible shield around you!
You climb upwards.
There is a stone staircase leading down here.
You hit the orc wizard.
The orc wizard is lightly wounded.
The orc wizard points at you and mumbles some strange words.
The magic dart hits you!
* * * LOW HITPOINT WARNING * * *
The dart slug launches a dart at you.
The slug dart reflects off an invisible shield around you!
The slug dart hits the dart slug.
You block the orc wizard's attack.
You hit the orc wizard.
The orc wizard is heavily wounded.
The orc wizard gestures at you while chanting.
The puff of flame hits you! You resist.
* * * LOW HITPOINT WARNING * * *
The dart slug launches a dart at you. The slug dart hits you!
You die...

†.###.#####..............###...##
†#.#..#####.##.#....####.......##
.##.#.......##.#.........##......
###.##########.#...<####.##.##.##
#.# #.......#....# #.##......
###.# #.#####......# #.......##
....# #.#####......# ####.##...
##### #.##....[[...# #....## #
#.##.....@w..### #.##### #
#.##.###..o....# #.##### # #...##
##.####.# #...... ##.## ##.###.#
####### #.# #..##.#### #.##
##........# ####.## ##......##.#
#.....###.#.######.#####
#.####.........# #.#...#


You could see an orc wizard and a dart slug.

Vanquished Creatures
  An orc wizard (D:3)
  An adder (D:2)
  2 worms (D:2)
  10 dart slugs
  5 orcs
  7 bats
  3 giant cockroaches
  4 hobgoblins
  9 jackals
  4 frilled lizards
  3 goblins
  5 kobolds
  6 rats
60 creatures vanquished.

Notes
Turn   | Place    | Note
-------+----------+-------------------------------------------
     0 | D:1      | Peloso the Minotaur Fighter began the quest for the Orb.
     0 | D:1      | Reached XP level 1. HP: 19/19 MP: 0/0
   307 | D:1      | Reached XP level 2. HP: 27/27 MP: 1/1
   859 | D:2      | Reached skill level 4 in Shields
  1016 | D:2      | Reached XP level 3. HP: 31/33 MP: 2/2
  1480 | D:3      | Reached XP level 4. HP: 36/40 MP: 3/3
  1820 | D:3      | Reached skill level 5 in Shields
  2270 | D:2      | HP: 1/40 [orc wizard/puff of flame (2)]
  2270 | D:2      | Killed from afar by a dart slug

Skill      XL: |  1  2  3  4 |
---------------+-------------+-----
Fighting       | 4 |  4.3
Armour         | 4 |  4.4
Shields        | 4 5 |  5.0
Long Blades    | 3 |  3.5
Dodging        | |  0.5

Action                   |  1- 3 |  4- 6 || total
-------------------------+-------+-------++-------
Melee: Long sword        |    97 |    35 ||   132
       Headbutt          |    23 |     8 ||    31
  Eat: Chunk             |     2 |       ||     2
       Ration            |       |     1 ||     1
Armor: Scale mail        |    30 |       ||    30
       Chain mail        |    26 |    18 ||    44
Dodge: Dodged            |    27 |    13 ||    40
Block: Shield            |    98 |    50 ||   148
       Reflection        |     3 |    18 ||    21
       Rpst.: Long sword |     8 |     1 ||     9
